 Dungeon Crawl Stone Soup version 0.23-a0-767-gdc19b93d68 (webtiles) character file.

55 DrakieV the Digger (level 3, -1/19 HPs)
             Began as a Gargoyle Earth Elementalist on Jan 26, 2019.
             Slain by Grinder (4 damage)
             ... while paralysed by Grinder
             ... on level 3 of the Dungeon.
             The game lasted 00:04:13 (1994 turns).

DrakieV the Digger (Gargoyle Earth Elementalist)    Turns: 1994, Time: 00:04:13

Health: -1/19      AC:  5    Str: 11    XL:     3   Next: 93%
Magic:  1/6        EV:  2    Int: 16    God:
Gold:   112        SH:  0    Dex: 10    Spells: 3/7 levels left

rFire    . . .     SeeInvis .   k - +0 club
rCold    . . .     Gourm    .   (no shield)
rNeg     + . .     Faith    .   c - +0 robe
rPois    ∞         Spirit   .   (no helmet)
rElec    +         Reflect  .   (no cloak)
rCorr    .         Harm     .   (no gloves)
MR       .....                  (no boots)
Stlth    ++........             (no amulet)
HPRegen  0.06/turn              (no ring)
MPRegen  0.10/turn              (no ring)

@: paralysed, heavily drained
A: negative energy resistance 1, electricity resistance, unbreathing,
petrification resistance, rot immunity, AC +3
a: no special abilities


You were on level 3 of the Dungeon.
You were not hungry.

You visited 1 branch of the dungeon, and saw 3 of its levels.

You collected 112 gold pieces.


Innate Abilities, Weirdness & Mutations

You are resistant to torment.
Your stone body is resilient. (AC +3)
You are immune to poison.
You resist negative energy. (rN+)
You are resistant to electric shocks. (rElec)
You can survive without breathing.
You are immune to petrification.
You are immune to rotting.


   Skills:
 - Level 1.5(0.4) Dodging
 + Level 3.0(1.9) Stealth
 + Level 2.5(1.3) Spellcasting
   Level 0.7(0.0) Transmutations
 * Level 4.7(3.5) Earth Magic


You had 3 spell levels left.
You knew the following spells:

 Your Spells              Type           Power        Failure   Level  Hunger
a - Sandblast             Erth           ##....       4%          1    ##.....
s - Stone Arrow           Conj/Erth      #.....       32%         3    ####...

Your spell library contained the following spells:

 Spells                   Type           Power        Failure   Level  Hunger
 Passwall                 Tmut/Erth      #.......     16%         2    ###....
 Petrify                  Tmut/Erth      #.......     71%         4    #####..
 Lee's Rapid Deconstruct  Erth           ##........   80%         5    ######.


Dungeon Overview and Level Annotations

Branches:
Dungeon (3/15)

Altars:

Annotations:
D:3 Grinder

Inventory:

Hand Weapons
 k - a +0 club (weapon)
   (You took it off a goblin on level 2 of the Dungeon)
Missiles
 b - 73 stones (quivered)
Armour
 c - a +0 robe (worn)
Wands
 j - a wand of scattershot (3)
   (You found it on level 2 of the Dungeon)
Scrolls
 a - 2 scrolls of teleportation {unknown}
 e - 2 scrolls of remove curse {unknown}
 g - a scroll of fog {unknown}
 h - 2 scrolls of identify {unknown}
Potions
 f - a potion of heal wounds {unknown}
 i - a potion of invisibility {unknown}
 l - a potion of berserk rage {unknown}
 m - a potion of curing {unknown}
Comestibles
 d - 3 rations
 n - 7 chunks of flesh

#.....# #####.#### ##
#...# #.# #.# #.# #.#
#.# #.# #.# ##.### #.#
##....# #.# ##
####...#.#######.#...##
+.........5@.........(..
####...#.#######.#...###
##.#..# #.##.## ###.##
#.# ## #.# #.# #.# #..
#.# ### #.# #.#


You could see Grinder.


Message History

Grinder gestures at you.
You are unaffected.
Your magical contamination has completely faded away.
Casting: Sandblast (safe; 4% risk of failure)
Confirm with . or Enter, or press ? or * to list all spells.
Aiming: Sandblast (safe; 4% risk of failure)
Press: ? - help, Shift-Dir - straight line, f/p - Grinder
Aim: Grinder (lightly wounded)
The blast of sand hits Grinder.
Grinder is moderately wounded.
b - 73 stones Grinder hits you!
* * * LOW HITPOINT WARNING * * *
You closely miss Grinder.
Grinder is moderately wounded.
Grinder hits you but does no damage.
You closely miss Grinder.
Grinder is moderately wounded.
Grinder closely misses you.
You hit Grinder but do no damage.
Grinder is moderately wounded.
Grinder gestures at you.
You barely resist. Grinder gestures at you. Pain shoots through your body!
* * * LOW HITPOINT WARNING * * *
You barely miss Grinder.
Grinder is moderately wounded.
Grinder gestures at you. You resist with significant effort.
You barely miss Grinder.
Grinder is moderately wounded.
Grinder barely misses you.
You hit Grinder.
Grinder is moderately wounded.
Grinder barely misses you. Grinder misses you.
You closely miss Grinder.
Grinder is moderately wounded.
Grinder closely misses you.
You hit Grinder but do no damage.
Grinder is moderately wounded.
Grinder hits you but does no damage.
You hit Grinder.
Grinder is moderately wounded.
Grinder says, "Don't move a muscle."
Grinder gestures at you.
You suddenly lose the ability to move!
Grinder barely misses you. Grinder hits you.
You die...

Vault maps used:
D:1:      matt_arrival_spirals, kennysheep_decorative_pillar
D:3:      gammafunk_temple_overflow_elements, uniq_grinder, uniq_terence

Vanquished Creatures
  3 oozes
  A worm (D:2)
  A dart slug (D:2)
  6 bats
  3 giant cockroaches (D:1)
  7 goblins
  A hobgoblin (D:2)
  2 jackals
  A ball python (D:2)
  4 frilled lizards
  6 kobolds
  2 rats (D:1)
37 creatures vanquished.

Table legend:
 A = Turns spent in this place as a percentage of turns spent in the entire game.
 B = Non-inter-level travel turns spent in this place as a percentage of non-inter-level travel turns spent in the entire game.
 C = Inter-level travel turns spent in this place as a percentage of turns spent in this place.
 D = Turns resting spent in this place as a percentage of non-inter-level travel turns spent in this place.
 E = Turns spent auto-exploring this place as a percentage of non-inter-level travel turns spent in this place.
 F = Non-inter-level travel turns spent in this place divided by the number of levels of this place that you've seen.
                   A       B       C       D       E      F
               +-------+-------+-------+-------+-------+----------------------
         Total | 100.0 | 100.0 |   2.0 |  24.1 |  52.0 | 651.7
       Dungeon | 100.0 | 100.0 |   2.0 |  24.1 |  52.0 | 651.7
               +-------+-------+-------+-------+-------+----------------------

Table legend:
 A = Kills in this place as a percentage of kills in entire the game.
 B = Kills by you in this place as a percentage of kills by you in the entire game.
 C = Kills by friends in this place as a percentage of kills by friends in the entire game.
 D = Other kills in this place as a percentage of other kills in the entire game.
 E = Experience gained in this place as a percentage of experience gained in the entire game.
 F = Experience gained in this place divided by the number of levels of this place that you have seen.
                   A       B       C       D       E      F
               +-------+-------+-------+-------+-------+----------------------
         Total | 100.0 | 100.0 |   N/A |   N/A | 100.0 |  26.3
       Dungeon | 100.0 | 100.0 |   N/A |   N/A | 100.0 |  26.3
               +-------+-------+-------+-------+-------+----------------------

Notes
Turn   | Place    | Note
-------+----------+-------------------------------------------
     0 | D:1      | DrakieV the Gargoyle Earth Elementalist began the quest for
                  | the Orb.
     0 | D:1      | Reached XP level 1. HP: 10/10 MP: 3/3
   342 | D:1      | Reached skill level 4 in Earth Magic
   342 | D:1      | Reached XP level 2. HP: 6/15 MP: 0/5
  1146 | D:2      | Reached XP level 3. HP: 19/19 MP: 4/6
  1154 | D:1      | Learned a level 3 spell: Stone Arrow
  1691 | D:2      | Reached skill level 3 in Stealth
  1956 | D:3      | Noticed Grinder
  1976 | D:3      | Paralysed by Grinder for 5 turns
  1983 | D:3      | HP: 4/19 [Grinder (7)]
  1992 | D:3      | Paralysed by Grinder for 4 turns
  1994 | D:3      | Slain by Grinder

Action                   || total
-------------------------++-------
Melee: Unarmed           ||    58
       Club              ||    79
 Cast: Sandblast         ||    32
       Stone Arrow       ||     4
 Stab: Sleeping          ||     3
  Eat: Chunk             ||     5
Armor: Robe              ||    92
Dodge: Dodged            ||   108
